 Dungeon Crawl Stone Soup version 0.31-a0-981-geadf994542 (webtiles) character file.

Game seed: 6407542121838641010

109 jestert79 the Ruffian (level 4, -2/32 HPs)
             Began as a Demonspawn Shapeshifter on Nov 1, 2023.
             Slain by a gnoll
             ... wielding a +0 spear
              (10 damage)
             ... on level 3 of the Dungeon.
             The game lasted 00:03:18 (1863 turns).

jestert79 the Ruffian (Demonspawn Shapeshifter)     Turns: 1863, Time: 00:03:19

Health: -2/32      AC:  2    Str: 16    XL:     4   Next: 59%
Magic:  4/4        EV: 12    Int: 12    God:
Gold:   251        SH:  0    Dex: 12    Spells: 3/3 levels left

rFire   . .          .
                       - Unarmed
rCold   . . .        (no shield)
rNeg    . . .        a - +0 animal skin
rPois   .            (helmet currently unavailable)
rElec   .            (cloak currently unavailable)
rCorr   .            (gloves currently unavailable)
SInv    .            (boots currently unavailable)
Will    .....        (no amulet)
Stlth   +            (no ring)
HPRegen 0.25/turn    (no ring)
MPRegen 0.09/turn

%: no passive effects
@: beast-form
A: beast (slay +2), weakness stinger 1, demonic touch 1
a: Begin Untransformation


You were on level 3 of the Dungeon.
You were a hulking beast.
You visited 1 branch of the dungeon, and saw 3 of its levels.

You collected 251 gold pieces.

Inventory:

Armour
 a - a +0 animal skin (worn)
 g - a +0 helmet
Jewellery
 k - an amulet of the acrobat
Talismans
 c - a beast talisman
 d - a flux talisman
Scrolls
 e - 2 scrolls of fear {unknown}
 f - 3 scrolls of identify {unknown}
 h - a scroll of blinking {unknown}
 j - a scroll of noise {unknown}
 l - a scroll of brand weapon {unknown}
 n - a scroll of enchant armour {unknown}
Potions
 b - a potion of lignification
 i - a potion of berserk rage {unknown}
 m - 2 potions of curing {unknown}


   Skills:
 - Level 1.0 Fighting
 - Level 1.7 Dodging
 + Level 3.9 Unarmed Combat
 + Level 3.8 Shapeshifting


You had 3 spell levels left.
You didn't know any spells.
Your spell library contained the following spells:

 Spells                   Type           Power      Damage    Failure   Level
 Blink                    Tloc           0%         N/A       45%         2
 Manifold Assault         Tloc           0%         N/A       97%         4


Dungeon Overview and Level Annotations

Branches:
Dungeon (3/15)

Altars:
Wu Jian

Shops:
D:2 :

Annotations:
D:3 1 runed translucent door, Crazy Yiuf


Innate Abilities, Weirdness & Mutations

You are a hulking beast.
Your limbs bulge with bestial killing power. (Slay +2)
You have a small tail.
Your touch may inflict minor irresistible damage on your foes.


Message History

A gnoll comes into view. It is wielding a +0 halberd.
The gnoll shouts!
A gnoll is nearby!
A gnoll is nearby!
A gnoll comes into view. It is wielding a +0 spear.
The gnoll shouts!
The gnoll hits you with a +0 halberd.
You hit the gnoll. You tail-slap the gnoll. Your touch misses the gnoll.
The gnoll is heavily wounded.
The gnoll hits you with a +0 halberd!
You are too injured to fight recklessly!
You are too injured to fight recklessly!
You are too injured to fight recklessly!
You are too injured to fight recklessly!
You hit the gnoll.
You tail-slap the gnoll, but do no damage.
The gnoll is severely wounded.
The gnoll barely misses you.
You hit the gnoll but do no damage. Your touch misses the gnoll.
The gnoll is severely wounded.
The gnoll hits you with a +0 halberd.
You punch the gnoll!
You kill the gnoll!
The gnoll hits you from afar with a +0 spear.
* * * LOW HITPOINT WARNING * * *
A gnoll comes into view. It is wielding a +0 spear.
Unknown command.
Okay, then.
Unknown command.
Found a chain mail.
The gnoll hits you with a +0 spear.
* * * LOW HITPOINT WARNING * * *
You punch the gnoll!
You touch the gnoll.
You kill the gnoll!
A gnoll comes into view. It is wielding a +0 spear.
The gnoll shouts!
Things that are here:
a +0 spear; a gnoll corpse The gnoll attacks as it pursues you!
The gnoll hits you from afar with a +0 spear!
You die...

### .. ..# #.. ..+ ...
..##############.#######.
................g........
.......)..# #.......
..........# #g...####.
....†.....######.)......[
.#..............h.)######
.+....................#
.#................#.#.#
....................# #
...............######.#
...............'......#
)..............########
...................#
.......).#########.####


You could see 2 gnolls.

Vanquished Creatures
  Terence (D:3)
  2 gnolls (D:3)
  An adder (D:2)
  A worm (D:3)
  A dart slug (D:1)
  An orc (D:3)
  2 endoplasms
  A giant cockroach (D:2)
  9 goblins
  10 hobgoblins
  7 kobolds
  A quokka (D:1)
  4 ball pythons
  2 bats (D:1)
  A frilled lizard (D:3)
  5 rats
49 creatures vanquished.

Notes
Turn   | Place    | Note
-------+----------+-------------------------------------------
     0 | D:1      | jestert79 the Demonspawn Shapeshifter began the quest for
                  | the Orb.
     0 | D:1      | Reached XP level 1. HP: 15/15 MP: 1/1
   324 | D:1      | Discovered your monstrous ancestry.
   324 | D:1      | Gained mutation: You have a small tail. [demonic ancestry]
   324 | D:1      | Reached XP level 2. HP: 21/21 MP: 2/2
   939 | D:2      | Found an ornate altar of the Wu Jian Council.
  1090 | D:2      | Found Mofus's Vocational Training.
  1155 | D:2      | Gained mutation: Your touch may inflict minor irresistible
                  | damage on your foes. [demonic ancestry]
  1155 | D:2      | Reached XP level 3. HP: 25/26 MP: 3/3
  1456 | D:3      | Noticed Terence
  1464 | D:3      | Killed Terence
  1465 | D:3      | Reached XP level 4. HP: 16/32 MP: 4/4
  1824 | D:3      | Found a runed translucent door.
  1825 | D:3      | Noticed Crazy Yiuf
  1863 | D:3      | Slain by a gnoll

Illustrated notes

Levels and vault maps discovered:
D:1:      matt_arrival_grand_opening, layout_basic
D:2:      layout_loops_ring, basic_altar, minmay_misc_feat_alley,
          minmay_gold_behind_fungi, nicolae_shop_vocational
D:3:      cheibrodos_greedy_goblins, layout_basic, mainiacjoe_overflow_alcove_4,
          uniq_terence, uniq_crazy_yiuf_cottage

Skill      XL: |  1  2 |
---------------+-------+-----
Unarmed Combat | 3 |  3.9
Shapeshifting  | 3 |  3.8
Fighting       | |  1.0
Dodging        | |  1.7

Action                     |  1- 3 |  4- 6 || total
---------------------------+-------+-------++-------
  Melee: Unarmed           |    77 |    27 ||   104
         Punch             |     2 |       ||     2
         Tailslap          |     7 |     5 ||    12
         Touch             |     5 |     4 ||     9
   Stab: Sleeping          |     1 |       ||     1
 Armour: Animal skin       |    27 |    11 ||    38
  Dodge: Dodged            |    39 |     4 ||    43

Table legend: (Time is in decaauts)
 A = Elapsed time spent in this place.
 B = Non-inter-level travel time spent in this place.
 C = Inter-level travel time spent in this place.
 D = Time resting spent in this place.
 E = Time spent auto-exploring this place.
 F = Levels seen in this place.
 G = Mean time per level.
                   A        B        C        D        E       F      G
               +--------+--------+--------+--------+--------+-----+--------+
         Total |   1855 |   1829 |     26 |    122 |   1445 |   3 |  618.3 |
       Dungeon |   1855 |   1829 |     26 |    122 |   1445 |   3 |  618.3 |
               +--------+--------+--------+--------+--------+-----+--------+

Top non-repeatable levels by time:
     D:1: 732 daAuts
     D:2: 678 daAuts
     D:3: 445 daAuts
